 Dungeon Crawl Stone Soup version 0.31-a0-995-g04711c9635 (webtiles) character file.

Game seed: 1299294298124417616

360 Azuregosa the Sneak (level 6, -4/44 HPs)
             Began as an Octopode Delver on Nov 6, 2023.
             Slain by an ogre
             ... wielding a +0 giant club
              (30 damage)
             ... on level 5 of the Dungeon.
             The game lasted 00:12:43 (3799 turns).

Azuregosa the Sneak (Octopode Delver)               Turns: 3799, Time: 00:12:44

Health: -4/44      AC:  2    Str: 12    XL:     6   Next: 65%
Magic:  8/10       EV: 13    Int: 14    God:
Gold:   285        SH:  0    Dex: 13    Spells: 4/10 levels left

rFire   . . .        r - staff "Qufurikh" {*Slow rElec rPois rC+ Stlth+ Poison}
rCold   + . .        (no shield)
rNeg    . . .        l - +1 hat
rPois   +            (no amulet)
rElec   +            f - ring of poison resistance
rCorr   .            s - ring of fire
SInv    .            x - ring of ice
Will    +....        z - ring of willpower
Stlth   +++++        (no ring)
HPRegen 0.27/turn    (no ring)
MPRegen 0.12/turn    (no ring)
                     (no ring)

%: slow self (1%)
@: no status effects
A: almost no armour, amphibious, 8 rings, camouflage 1, gelatinous body 1,
(nimble swimmer 1), tentacles
a: no special abilities


You were on level 5 of the Dungeon.
You visited 1 branch of the dungeon, and saw 6 of its levels.

You collected 285 gold pieces.

Inventory:

Hand Weapons
 i - a +1 vampiric dagger
Missiles
 g - 38 stones
Armour
 l - a +1 hat (worn)
Magical Staves
 n - a staff of conjuration
 r - the staff "Qufurikh" (weapon) {*Slow rElec rPois rC+ Stlth+ Poison}
   (You found it on level 3 of the Dungeon)

   [staff of poison]

   Base accuracy: +5 Base damage: 5 Base attack delay: 1.2 This weapon's minimum
   attack delay (0.6) is reached at skill level 12.
   rC+:       It protects you from cold.
   rElec:     It insulates you from electricity.
   rPois:     It protects you from poison *Slow: It may slow you when you take
   damage.
   Stlth+:    It makes you more stealthy.
   Poison:    It increases the power of your Poison spells.
   It falls into the 'Staves' category.
   It is a one-tentacled weapon.
Jewellery
 f - a ring of poison resistance (left tentacle)
 s - a ring of fire (right tentacle)
 x - a ring of ice (on tentacle)
 z - a ring of willpower (on tentacle)
Wands
 e - a wand of digging (8)
 w - a wand of quicksilver (8)
 y - a wand of polymorph (9)
 A - a wand of flame (15)
 D - a wand of roots (13)
Scrolls
 a - 2 scrolls of fog
 c - 2 scrolls of enchant weapon {unknown}
 h - 2 scrolls of poison {unknown}
 m - a scroll of amnesia {unknown}
 p - 2 scrolls of vulnerability {unknown}
 q - a scroll of identify {unknown}
Potions
 b - a potion of heal wounds {unknown}
 d - 2 potions of haste
 j - a potion of brilliance {unknown}
 k - a potion of magic {unknown}
 o - 2 potions of curing
 t - 2 potions of attraction {unknown}
 u - a potion of berserk rage {unknown}
 v - a potion of lignification {unknown}
 B - 3 potions of might {unknown}
 C - a potion of cancellation {unknown}
 E - a potion of enlightenment {unknown}


   Skills:
 - Level 4.3 Fighting
 - Level 2.0 Dodging
 - Level 6.6 Stealth
 - Level 2.0 Unarmed Combat
 + Level 2.9 Spellcasting
 + Level 3.2 Conjurations
 + Level 1.1 Air Magic
 + Level 2.5 Poison Magic


You had 4 spell levels left.
You knew the following spells:

 Your Spells              Type           Power      Damage    Failure   Level
a - Magic Dart            Conj           44%        1d5       6%          1
b - Poisonous Vapours     Pois/Air       20%        N/A       16%         2
c - Mephitic Cloud        Conj/Pois/Air  12%        N/A       26%         3

Your spell library contained the following spells:

 Spells                   Type           Power      Damage    Failure   Level
 Call Imp                 Summ           4%         N/A       32%         2
 Freezing Cloud           Conj/Ice/Air   4%         6-21      97%         5


Dungeon Overview and Level Annotations

Branches:
Dungeon (6/15)
 Temple: D:4-7

Altars:

Annotations:
D:5 3 runed translucent doors, Shym's ghost, novice DEHs
D:6 Pikel


Innate Abilities, Weirdness & Mutations

You cannot wear most types of armour.
You are amphibious.
You can wear up to eight rings at the same time.
Your skin changes colour to match your surroundings (Stealth+).
Your rubbery body absorbs attacks. (AC +1, EV +1)
((You are camouflaged when in or above water. (Stealth+)))
You have tentacles for arms and can constrict up to eight enemies at once.


Message History

The scorpion is severely wounded.
You constrict the scorpion.
You feel sick. The scorpion stings you.
* * * LOW HITPOINT WARNING * * *
It was a potion of curing.
You feel better.
You constrict the scorpion.
You kill the scorpion!
Your Air Magic skill increases to level 1!
You start resting.
HP restored.
Cast which spell? (? or * to list)
You don't know that spell.
Cast which spell? (? or * to list)
Okay, then.
You now have 285 gold pieces (gained 14).
Cast which spell? (? or * to list)
Aiming: Mephitic Cloud (quite dangerous; 26% risk of failure)
Press: ? - help, Shift-Dir - straight line, f - ogre
Aim: an ogre, wielding a +0 giant club (chance to affect: 77%)
You feel a surge of power!
The ball explodes into a vile cloud!
The stinking cloud engulfs the ogre but does no damage.
The ogre is engulfed in noxious fumes.
The ogre appears confused.
You hit the ogre.
The ogre is lightly wounded.
The ogre is engulfed in noxious fumes.
The ogre misses you.
You hit the ogre. You squeeze the ogre.
The ogre is heavily wounded.
The ogre is engulfed in noxious fumes.
The ogre appears confused.
You hit the ogre.
The ogre is severely wounded.
The ogre hits you with a +0 giant club!!
You hit the ogre.
The ogre is severely wounded.
The ogre barely misses you.
You strike the helpless ogre from behind!
You hit the ogre. Your squeeze misses the ogre.
The ogre is severely wounded.
You hit the ogre but do no damage.
The ogre is severely wounded.
The ogre hits you with a +0 giant club!!
Ouch! That really hurt!
You die...

#.......####.##.###########
*,*,,
#............##...........#
*,,,,
#.#..#..###########..####.#
***,, #.#.##..# #..####.# *,,
#.......########* #....##.# #..
#......##.......* #.##.##.# #..
###.####*.......#
#<##.##.#####.. #.#
*......O###.............. #.#
*$......@..##............ #.#
*.......##.##..#......... #.#
*.......##.##..######.#.. #.#
*.......##.##..# #.#.. #.#
*######.......## #.#.. #.#
#.##.##.# #....
#.###########.##....# #....
#.##.............[..# #####.#..
#.##.####..#...####.###........


You could see an ogre (confused).

Vanquished Creatures
  2 scorpions (D:5)
  A hound (D:4)
  Ijyb (D:3)
  Natasha (thrice) (D:3)
  4 adders
  A worm (D:3)
  4 dart slugs
  An orc (D:3)
  6 bats
  4 endoplasms
  6 giant cockroaches
  5 goblins
  5 hobgoblins
  5 quokkas
  11 ball pythons
  4 frilled lizards
  4 kobolds
  8 rats
75 creatures vanquished.

Notes
Turn   | Place    | Note
-------+----------+-------------------------------------------
     0 | D:5      | Azuregosa the Octopode Delver began the quest for the Orb.
     0 | D:5      | Reached XP level 1. HP: 16/16 MP: 1/1
    22 | D:5      | Noticed a scorpion
    24 | D:5      | Noticed an ogre
    30 | D:5      | Noticed a hound
   259 | D:1      | Reached XP level 2. HP: 21/21 MP: 2/2
   444 | D:1      | Reached XP level 3. HP: 27/27 MP: 3/3
  1422 | D:2      | Found a faded altar of an unknown god.
  1613 | D:3      | Identified the staff "Qufurikh" {*Slow rElec rPois rC+
                  | Stlth+ Poison}
  1623 | D:3      | Reached skill level 1 in Conjurations
  1623 | D:3      | Reached XP level 4. HP: 23/34 MP: 5/5
  1697 | D:3      | Reached skill level 1 in Spellcasting
  1828 | D:3      | Noticed Natasha
  1832 | D:3      | Killed Natasha
  1833 | D:3      | Noticed Natasha
  1844 | D:3      | Killed Natasha
  1845 | D:3      | Reached XP level 5. HP: 9/38 MP: 6/8
  2189 | D:3      | Noticed Natasha
  2201 | D:3      | Killed Natasha
  2202 | D:3      | Reached skill level 1 in Poison Magic
  2258 | D:3      | Noticed Ijyb
  2280 | D:3      | Killed Ijyb
  2877 | D:4      | Reached XP level 6. HP: 44/44 MP: 9/9
  3145 | D:4      | Learned a level 1 spell: Magic Dart
  3148 | D:4      | Learned a level 2 spell: Poisonous Vapours
  3167 | D:4      | Learned a level 3 spell: Mephitic Cloud
  3321 | D:5      | Found a runed translucent gate.
  3322 | D:5      | Found a runed translucent gate.
  3324 | D:5      | Found a runed translucent gate.
  3325 | D:5      | Noticed Shym's ghost (novice DEHs)
  3479 | D:6      | Noticed Pikel
  3649 | D:5      | Reached skill level 1 in Air Magic
  3799 | D:5      | Slain by an ogre

Illustrated notes

Levels and vault maps discovered:
D:1:      dpeg_arrival_three_bigger_balls, layout_loops_corners
D:2:      layout_basic, ebering_ecumenical_altar_mist,
          nicolae_twisty_statue_hallways
D:3:      layout_basic, minmay_misc_feat_columns, uniq_ijyb, uniq_natasha
D:4:      layout_basic, saegor_snake_ambush
D:5:      layout_loops_cross, gammafunk_ghost_necromancy
D:6:      layout_basic, minmay_temple_entry_hall, serial_shops, shop,
          minmay_misc_feat_nine_boxes, centaur_isle, uniq_pikel, uniq_duvessa

Skill      XL: |  1  2  3  4  5  6 |
---------------+-------------------+-----
Fighting       | 4 |  4.3
Conjurations   | 1 2 3 |  3.2
Spellcasting   | 2 |  2.9
Poison Magic   | 1 2 |  2.5
Air Magic      | 1 |  1.1
Dodging        | |  2.0
Stealth        | |  6.6
Unarmed Combat | |  2.0

Action                     |  1- 3 |  4- 6 || total
---------------------------+-------+-------++-------
  Melee: Unarmed           |    35 |     6 ||    41
         Tentacles         |    14 |    25 ||    39
         Constrict         |    16 |    23 ||    39
         Dagger            |    31 |       ||    31
         Staff             |     3 |   106 ||   109
         Punch             |       |     2 ||     2
   Cast: Mephitic Cloud    |       |     1 ||     1
    Use: Scroll            |     2 |       ||     2
         Potion            |       |     1 ||     1
   Stab: Sleeping          |    17 |    16 ||    33
         Confused          |       |     2 ||     2
 Armour: Skin              |    26 |    74 ||   100
  Dodge: Dodged            |    37 |    76 ||   113

Table legend: (Time is in decaauts)
 A = Elapsed time spent in this place.
 B = Non-inter-level travel time spent in this place.
 C = Inter-level travel time spent in this place.
 D = Time resting spent in this place.
 E = Time spent auto-exploring this place.
 F = Levels seen in this place.
 G = Mean time per level.
                   A        B        C        D        E       F      G
               +--------+--------+--------+--------+--------+-----+--------+
         Total |   3825 |   3700 |    125 |    403 |   2357 |   6 |  637.5 |
       Dungeon |   3825 |   3700 |    125 |    403 |   2357 |   6 |  637.5 |
               +--------+--------+--------+--------+--------+-----+--------+

Top non-repeatable levels by time:
     D:3: 1141 daAuts
     D:1: 951 daAuts
     D:4: 677 daAuts
     D:5: 528 daAuts
     D:2: 524 daAuts
     D:6: 1 daAuts
